 Dungeon Crawl Stone Soup version 0.17.1-3-g152610e (webtiles) character file.

142 DEFE the Skirmisher (level 5, -9/32 HPs)
             Began as a Deep Elf Fighter on Apr 30, 2016.
             Was a Follower of Sif Muna.
             Killed by divine providence
             ... invoked by an orc priest
              (14 damage)
             ... on level 3 of the Dungeon.
             The game lasted 00:03:49 (3063 turns).

DEFE the Skirmisher (Deep Elf Fighter)              Turns: 3063, Time: 00:03:49

Health: -9/32      AC:  6    Str: 13    XL:     5   Next: 3%
Magic:  9/9        EV: 10    Int: 14    God:    Sif Muna [*.....]
Gold:   129        SH:  0    Dex: 14    Spells: 0 memorised, 7 levels left

rFire  . . .     SeeInvis .     l - +1 dagger (venom)
rCold  . . .     Clarity  .     b - +0 scale mail
rNeg   . . .     SustAt   .     (no shield)
rPois  .         Gourm    .     (no helmet)
rElec  .         Spirit   .     (no cloak)
rCorr  .         Warding  .     (no gloves)
rMut   .         Stasis   .     (no boots)
MR     .....                    (no amulet)
Stlth  +.........               (no ring)
                                (no ring)

@: not resistant to hostile enchantments, very unstealthy
A: no striking features
a: Channel Energy, Renounce Religion


You were on level 3 of the Dungeon.
You worshipped Sif Muna.
Sif Muna was aware of your devotion.
You were not hungry.

You visited 1 branch of the dungeon, and saw 3 of its levels.

You collected 129 gold pieces.

Inventory:

Hand Weapons
 a - a +0 rapier
 l - a +1 dagger of venom (weapon)
Missiles
 k - 17 poisoned needles
 w - 2 steel javelins (quivered)
Armour
 b - a +0 scale mail (worn)
Jewellery
 p - an uncursed amulet of stasis
Scrolls
 f - 2 scrolls of teleportation {unknown}
 g - 3 scrolls of blinking
 h - 2 scrolls of remove curse
 o - 2 scrolls of magic mapping {unknown}
 q - a scroll of amnesia {unknown}
 r - a scroll of enchant weapon {unknown}
Potions
 d - 2 potions of might
 i - 2 potions of brilliance
 m - a potion of haste
 s - a potion of curing
 v - a potion of flight
Comestibles
 c - 2 meat rations
 e - 2 bread rations
 j - 3 fruits
 n - a slice of pizza
 t - 3 beef jerkies


   Skills:
 + Level 3.0 Fighting
 + Level 2.8 Short Blades
 - Level 2.7 Armour
 + Level 2.6 Dodging
 + Level 2.0 Stealth
   Level 2.4 Shields
 + Level 1.8 Spellcasting


You had 7 spell levels left.
You didn't know any spells.

Dungeon Overview and Level Annotations

Branches:
Dungeon (3/15)

Altars:
Sif Muna
Yredelemnul


Message History

The giant cockroach is heavily wounded.
The giant cockroach bites you but does no damage.
You hit the giant cockroach.
The giant cockroach looks even sicker.
The giant cockroach is severely wounded.
You kill the giant cockroach!
No target in view!
The orc priest shouts!
The orc priest invokes the aid of Beogh against you.
Something smites you!
The orc priest invokes the aid of Beogh against you.
Something smites you!
You see here 13 stones.
The orc priest shouts!
The orc priest casts a cantrip, but nothing happens.
The orc priest invokes the aid of Beogh against you.
Something smites you!
* * * LOW HITPOINT WARNING * * *
The orc priest calls down the wrath of Beogh upon you.
Something smites you!
You die...

#(# #o# #.# #o#
#.# #.# #.# #####
#.# #.#
#######.... #.#
#.# ..........#
#.# #.#
#######.#.#
#.#####.#########
#.#..
#..oo......@....#
#.###
###############.#
#.# #.########.#
#....<.<...#
############


You could see an orc priest.

Vanquished Creatures
  Ijyb (D:2)
  6 adders
  2 worms (D:2)
  2 giant geckos
  An orc (D:2)
  4 bats
  3 giant cockroaches
  7 hobgoblins
  2 jackals (D:1)
  6 giant newts
  5 goblins
  7 kobolds
  9 rats
55 creatures vanquished.

Notes
Turn   | Place    | Note
--------------------------------------------------------------
     0 | D:1      | DEFE the Deep Elf Fighter began the quest for the Orb.
     0 | D:1      | Reached XP level 1. HP: 13/13 MP: 3/3
    86 | D:1      | Reached skill level 1 in Dodging
   330 | D:1      | Reached XP level 2. HP: 18/18 MP: 4/4
  1176 | D:2      | Found a faded altar to an unknown god.
  1186 | D:2      | Became a worshipper of Sif Muna the Loreminder
  1186 | D:2      | Reached * piety under Sif Muna
  1242 | D:2      | Reached skill level 1 in Stealth
  1242 | D:2      | Reached XP level 3. HP: 6/22 MP: 5/5
  1942 | D:2      | Found a basalt altar of Yredelemnul.
  2091 | D:2      | Found a deep blue altar of Sif Muna.
  2091 | D:2      | Noticed Ijyb
  2103 | D:2      | Killed Ijyb
  2103 | D:2      | Reached skill level 1 in Spellcasting
  2103 | D:2      | Reached XP level 4. HP: 23/27 MP: 7/7
  2391 | D:2      | Reached skill level 3 in Fighting
  2499 | D:3      | Reached XP level 5. HP: 27/32 MP: 9/9
  3063 | D:3      | Killed from afar by an orc priest

Action                   |  1- 3 |  4- 6 || total
-------------------------+-------+-------++-------
Melee: Rapier            |    60 |       ||    60
       Dagger            |    87 |    50 ||   137
  Use: Scroll            |       |     6 ||     6
  Eat: Chunk             |     3 |     2 ||     5
       Pizza             |       |     1 ||     1
